Map: Catalyst LE

Players

Marcino

  • Race: Terran Terran
  • League: Master
  • Spawn Location: 11:00

lllllllllllI - Winner!

  • Race: Protoss Protoss
  • League: Master
  • Spawn Location: 5:00

VOD

Have the link to the VOD?

Description

Time

  • Played on: Dec. 18, 2017, 11:10 a.m.
  • Length: 20:21
Show
View Real Time Build Order
Export as new Build Order

Marcino Terran 

Build Orders: MMM Bio 

Get SALT Encoding   

  12  0:00  SCV  
  13  0:13  SCV  
  14  0:18  Supply Depot  
  14  0:25  SCV  
  15  0:29  Refinery  
  15  0:39  SCV  
  16  0:46  Barracks  
  16  0:51  SCV  
  17  1:03  SCV  
  18  1:15  SCV  
  19  1:33  Bunker  
  19  1:39  Orbital Command  
  20  1:43  Supply Depot  
  19  1:53  Bunker  
  19  1:55  Marine  
  19  1:57  Factory  
  20  2:04  SCV  
  21  2:14  Marine  
  22  2:17  SCV  
  23  2:29  SCV  
  24  2:36  Command Center  
  24  2:38  Marine  
  25  2:46  SCV  
  25  2:50  Starport  
  26  2:58  Engineering Bay  
  26  2:59  SCV  
  29  3:11  SCV, Widow Mine  
  30  3:18  Refinery  
  30  3:23  SCV  
  31  3:29  Barracks Reactor  
  31  3:32  Barracks  
  31  3:38  Factory Tech Lab  
  31  3:40  Starport Reactor  
  31  3:46  SCV  
  31  3:48  Orbital Command  
  31  3:53  Missile Turret  
  31  3:59  Supply Depot, Siege Tank  
  31  4:01  SCV  
  35  4:04  Missile Turret  
  35  4:07  Marine  
  35  4:09  Marine  
  37  4:18  Medivac  
  37  4:21  Barracks Tech Lab  
  39  4:26  Missile Turret  
  39  4:30  Missile Turret  
  39  4:34  Marine  
  39  4:35  Marine  
  41  4:45  Combat Shields  
  41  4:55  Marine x3  
  41  4:58  Siege Tank  
  47  5:01  SCV  
  48  5:07  Supply Depot  
  48  5:12  Marine  
  48  5:13  SCV  
  50  5:16  Marine  
  50  5:17  Marine  
  52  5:31  Terran Infantry Weapons Level 1  
  52  5:32  Barracks  
  52  5:39  SCV  
  52  5:41  Marine x3  
  56  5:43  Siege Tank  
  56  5:44  Orbital Command  
  59  5:52  Supply Depot  
  59  5:59  Marine  
  59  6:00  Marine x2  
  62  6:14  SCV x2, Medivac  
  66  6:20  Marine x3  
  69  6:32  SCV  
  70  6:33  Barracks Reactor  
  70  6:34  Missile Turret  
  70  6:36  Engineering Bay  
  70  6:40  Refinery  
  70  6:42  SCV  
  70  6:44  Stimpack  
  70  6:49  Supply Depot x2  
  70  6:50  Supply Depot  
  70  7:02  Terran Infantry Armor Level 1  
  70  7:10  SCV x2, Marine, Command Center, Medivac  
  70  7:14  Marine x2  
  77  7:19  Marine  
  78  7:22  SCV x2  
  80  7:35  SCV x2, Marine  
  80  7:36  Marine x3  
  80  7:37  Marine  
  87  7:45  Supply Depot  
  87  7:46  Supply Depot  
  87  7:47  SCV x2  
  89  7:53  Armory  
  89  7:57  Marine x2  
  91  7:58  Marine  
  91  7:59  SCV x2  
  94  8:06  Marine  
  94  8:07  Missile Turret  
  94  8:10  Marine  
  94  8:11  SCV  
  94  8:12  SCV  
  98  8:18  Supply Depot  
  98  8:19  Marine  
  99  8:21  Marine  
  99  8:23  SCV  
  101  8:29  SCV  
  101  8:30  Orbital Command  
  101  8:31  Marine  
  103  8:35  SCV  
  104  8:43  Barracks  
  104  8:44  Marine  
  104  8:45  Marine, Barracks  
  106  9:00  Terran Infantry Weapons Level 2  
  106  9:01  Terran Infantry Armor Level 2  
  106  9:02  Marine x5  
  111  9:10  Medivac  
  111  9:11  Medivac  
  115  9:18  Refinery  
  115  9:19  Supply Depot  
  115  9:21  Marine x3, Supply Depot  
  115  9:22  Marine  
  119  9:36  Marine  
  120  9:38  Barracks Reactor x2  
  120  9:41  SCV  
  121  9:45  Sensor Tower  
  121  9:48  Marine x4  
  113  9:54  Marine  
  79  10:05  Marine  
  79  10:06  Marine x3  
  77  10:08  Orbital Command  
  77  10:12  Marine  
  77  10:13  Widow Mine  
  61  10:23  Marine  
  61  10:24  Marine x2  
  63  10:30  Viking  
  63  10:31  Viking  
  68  10:46  Orbital Command, Widow Mine  
  35  11:05  Viking x2  
  39  11:23  Siege Tank  
  39  11:24  Marine  
  33  11:52  Marine x2  
  35  12:09  Orbital Command  
  35  12:15  Marine x3  
  38  12:28  SCV  
  32  12:54  Marine  
  26  14:05  Marine  
  26  14:06  Marine x4  
  33  14:11  SCV x2  
  33  14:38  Marine  
  33  14:39  Marine  
  33  14:41  Viking  
  37  15:05  Viking  
  39  15:09  SCV x2  
  41  15:21  SCV  
  41  15:27  Viking  
  44  15:36  SCV  
  45  15:47  Orbital Command  
  45  16:04  Marine x3  
  47  16:17  Marine  
  35  17:39  Viking  
  37  17:45  Orbital Command  
  37  18:16  SCV  
  38  18:28  SCV  
  38  18:40  SCV  
  39  18:52  SCV  
  39  18:55  Marine  
  42  18:57  Marine  
  42  18:58  Marine x4  
  43  19:21  SCV  
  44  19:25  Medivac x2  
  44  19:27  Marine  
  49  19:33  SCV  
  49  19:34  Marine  
  51  19:46  SCV  
  52  19:58  SCV, Marine  
  52  19:59  Marine x5  
Show
View Real Time Build Order
Export as new Build Order

lllllllllllI Protoss - Winner!

Build Orders:  

Get SALT Encoding   

  12  0:00  Probe  
  13  0:13  Probe  
  14  0:17  Pylon  
  14  0:25  Probe  
  15  0:37  Probe  
  15  0:39  Gateway  
  16  0:49  Probe (Chrono Boost), Assimilator  
  17  1:01  Probe (Chrono Boost)  
  18  1:07  Probe (Chrono Boost)  
  19  1:15  Probe (Chrono Boost)  
  21  1:18  Probe (Chrono Boost)  
  21  1:24  Pylon  
  21  1:26  Zealot  
  21  1:27  Cybernetics Core  
  23  1:35  Assimilator  
  23  1:42  Probe  
  24  1:54  Probe  
  25  2:05  Adept  
  27  2:17  Gateway  
  27  2:20  Pylon  
  27  2:25  Stargate  
  27  2:26  Probe  
  28  2:32  Adept  
  31  2:54  Nexus  
  31  2:57  Pylon  
  30  3:12  Void Ray (Chrono Boost)  
  34  3:29  Adept x2  
  38  3:35  Pylon  
  38  3:49  Void Ray  
  42  4:06  Probe  
  42  4:08  Assimilator  
  43  4:12  Assimilator  
  43  4:18  Probe  
  44  4:30  Probe  
  45  4:32  Void Ray (Chrono Boost)  
  49  4:42  Probe  
  50  4:54  Probe  
  51  5:00  Stargate  
  51  5:05  Void Ray (Chrono Boost)  
  55  5:10  Robotics Facility  
  55  5:13  Probe  
  56  5:23  Robotics Facility  
  56  5:25  Probe  
  57  5:37  Probe  
  59  5:50  Probe  
  59  5:59  Robotics Bay  
  56  6:23  Pylon  
  56  6:27  Void Ray  
  60  6:36  Pylon  
  60  6:39  Pylon  
  60  6:49  Colossus (Chrono Boost)  
  72  6:54  Extended Thermal Lance (Chrono Boost)  
  72  6:59  Probe  
  73  7:08  Colossus (Chrono Boost)  
  73  7:11  Pylon  
  73  7:20  Void Ray  
  77  7:33  Colossus (Chrono Boost)  
  83  7:46  Colossus  
  89  7:58  Stalker x2  
  93  8:16  Colossus  
  99  8:27  Pylon  
  99  8:43  Pylon  
  99  8:45  Void Ray (Chrono Boost)  
  102  8:58  Colossus  
  54  10:33  Void Ray, Stalker  
  60  10:56  Pylon  
  60  11:03  Stalker  
  60  11:13  Stalker  
  60  11:16  Void Ray  
  66  11:33  Stalker  
  68  12:07  Stalker x2  
  72  12:09  Nexus  
  71  12:39  Pylon  
  59  13:23  Void Ray  
  57  13:33  Stalker x2  
  61  13:37  Pylon  
  61  13:38  Pylon  
  48  14:03  Stalker  
  50  14:14  Phoenix (Chrono Boost)  
  50  14:17  Probe  
  53  14:18  Probe  
  54  14:29  Probe  
  55  14:35  Phoenix  
  57  14:51  Probe  
  58  14:53  Probe  
  59  15:03  Probe  
  60  15:07  Stalker  
  60  15:10  Probe (Chrono Boost)  
  63  15:15  Probe (Chrono Boost)  
  65  15:22  Probe (Chrono Boost)  
  65  15:27  Probe (Chrono Boost)  
  65  15:28  Phoenix  
  66  15:58  Phoenix  
  68  16:17  Stalker x2  
  72  16:19  Probe  
  72  16:23  Phoenix  
  75  16:31  Probe  
  68  16:59  Stalker x2  
  72  17:01  Void Ray  
  73  17:36  Probe  
  74  17:37  Assimilator  
  74  17:42  Stalker  
  76  17:45  Assimilator  
  76  17:48  Probe  
  77  18:00  Probe  
  77  18:02  Nexus  
  77  18:03  Pylon  
  78  18:21  Probe, Void Ray (Chrono Boost), Stalker  
  78  18:26  Pylon  
  85  18:27  Pylon  
  85  18:29  Pylon  
  85  18:31  Probe  
  86  18:45  Probe x2, Stalker (Chrono Boost)  
  88  18:53  Void Ray (Chrono Boost)  
  88  18:58  Stalker (Chrono Boost)  
  94  19:15  Pylon, Stalker (Chrono Boost)  
  96  19:20  Assimilator  
  96  19:25  Assimilator  
  96  19:26  Void Ray  
  100  19:40  Nexus  
  100  19:45  Stalker  
  102  19:46  Stalker  
Tags
 
Composition
MMM Bio
Matchup
PvT
Spawn Locations
Cross Positions
Add a new tag
Caveats
  • Supply blocks, unpowered buildings, or Contaminate may cause inaccurate times.
  • Supply counts are checked every 10 seconds.